 Dungeon Crawl Stone Soup version 0.30-a0-167-g62a5988fa7 (webtiles) character file.

Game seed: 14842231342488161243

83 qw the Chopper (level 4, -1/28 HPs)
             Began as a Gargoyle Fighter on Sept 29, 2022.
             Slain by an orc
             ... wielding a +0 whip
              (2 damage)
             ... on level 3 of the Dungeon.
             The game lasted 00:00:47 (1962 turns).

qw the Chopper (Gargoyle Fighter)                   Turns: 1962, Time: 00:00:47

Health: -1/28      AC: 11    Str: 21    XL:     4   Next: 44%
Magic:  4/4        EV:  9    Int:  9    God:
Gold:   74         SH:  4    Dex:  9    Spells: 3/3 levels left

rFire   . . .      SeeInvis .    Y - +1 war axe
rCold   . . .      Faith    .    c - +0 buckler
rNeg    + . .      Spirit   .    b - +0 scale mail
rPois   inf        Reflect  .    j - +0 helmet
rElec   +          Harm     .    (no cloak)
rCorr   .          Rampage  .    (no gloves)
Will    .....                    (no boots)
Stlth   ..........               (no amulet)
HPRegen 0.09/turn                (no ring)
MPRegen 0.09/turn                (no ring)

@: no status effects
A: sickness immunity, AC +3, negative energy resistance 1, electricity
resistance, torment resistance 1, petrification resistance
a: no special abilities


You were on level 3 of the Dungeon.
You visited 1 branch of the dungeon, and saw 3 of its levels.

You collected 74 gold pieces.


Innate Abilities, Weirdness & Mutations

You are immune to sickness and miasma.
Your stone body is resilient. (AC +3)
You are immune to poison.
You resist negative energy. (rN+)
You are resistant to electric shocks. (rElec)
You are resistant to unholy torment.
You are immune to petrification.


   Skills:
 - Level 3.2 Fighting
 + Level 4.1 Axes
 - Level 3.2 Armour
 - Level 3.2 Shields


You had 3 spell levels left.
You didn't know any spells.
Your spell library was empty.

Inventory:

Hand Weapons
 n - a +0 whip
 Y - a +1 war axe (weapon)
Missiles
 u - 5 boomerangs (quivered)
Armour
 b - a +0 scale mail (worn)
 c - a +0 buckler (worn)
 j - a +0 helmet (worn)
Scrolls
 g - a scroll of identify
 h - 3 scrolls of teleportation
Potions
 a - a potion of heal wounds
 d - 2 potions of might
 i - a potion of cancellation
 k - a potion of experience {unknown}
 l - a potion of resistance {unknown}
 m - a potion of attraction
 o - a potion of brilliance {unknown}
 p - a potion of curing {unknown}
 t - a potion of flight {unknown}

Dungeon Overview and Level Annotations

Branches:
Dungeon (3/15)

Altars:


Message History

Waypoint 2 re-assigned from D:1 to D:3.
You slash the rat!
You kill the rat!
You feel your willpower return.
Found a faded altar of an unknown god.
Enter note: 2 orcs come into view.
The orc shouts! x2
An orc comes into view. It is wielding a +0 whip.
The orc moves out of view.
1954 ||| Stepping ~*~*~tactically~*~*~ (stealth).
Throw: 5 boomerangs
Press: ? - help, Q - select action Shift-Dir - straight line, f - orc You throw a boomerang.
The boomerang barely misses the orc.
An orc priest comes into view. It is wielding a +0 club.
The orc priest shouts!
The orc shouts!
You barely miss the orc. You slash the fungus!
The fungus begins to die.
The orc barely misses you.
You closely miss the orc. You barely miss the orc. You hit the fungus.
The orc hits you but does no damage. x2
You closely miss the orc priest. You hit the orc. You slash the orc!
You kill the orc!
You hit the fungus. The orc barely misses you.
The orc priest hits you with a +0 club.
You hit the orc but do no damage.
The orc is almost dead.
You closely miss the orc priest. You slash the fungus!
A nearby fungus withers and dies.
The orc hits you with a +0 flail.
The orc priest hits you but does no damage.
You barely miss the orc.
The orc is almost dead.
You barely miss the orc priest. You barely miss the orc.
The orc hits you with a +0 flail.
The orc priest calls down the wrath of Beogh upon you.
Beogh smites you! The orc hits you but does no damage.
The orc hits you with a +0 flail.
The orc priest calls upon Beogh to heal the orc.
The orc is healed somewhat.
The orc hits you with a +0 whip.
You die...

. .# #####. #..
#.PPP###.# .o
#P.P....# ...
#.PP....###
....#..P...P..#
.PP._.oo..P.P.#
#.o@.....P##
#..)...P##.###
#.......#.##.#
#...P###..##<#
#####. ##....#
## ###..# #..#
..... .#..###


You could see an orc priest and 2 orcs.

Vanquished Creatures
  3 adders (D:2)
  A worm (D:2)
  A dart slug (D:1)
  An orc (D:3)
  5 ball pythons
  6 bats
  5 endoplasms
  2 giant cockroaches
  5 goblins
  2 hobgoblins
  4 jackals (D:2)
  3 kobolds
  3 quokkas
  2 frilled lizards (D:2)
  A rat (D:3)
44 creatures vanquished.

Vanquished Creatures (others)
  A fungus (D:3)
1 creature vanquished.

Grand Total: 45 creatures vanquished

Notes
Turn   | Place    | Note
-------+----------+-------------------------------------------
     0 | D:1      | qw the Gargoyle Fighter began the quest for the Orb.
     0 | D:1      | Reached XP level 1. HP: 14/14 MP: 1/1
     0 | D:1      | 0 ||| qw: Version: 0.2-a-12-gaebbb33
     0 | D:1      | 0 ||| qw: Game counter: 1074
     0 | D:1      | 0 ||| qw: Always use a shield: true
     0 | D:1      | 0 ||| qw: God list: Okawaru
     0 | D:1      | 0 ||| qw: Allow faded altars: false
     0 | D:1      | 0 ||| qw: Do Orc after D:15 true
     0 | D:1      | 0 ||| qw: Do second Lair branch before Depths: true
     0 | D:1      | 0 ||| qw: Lair rune preference: random
     0 | D:1      | 0 ||| qw: Plans: Normal, Zot:1-4, God:TSO, Crypt, Tomb,
                  | Pan, Slime:5, Hells, Abyss, Orb
     0 | D:1      | 0 ||| PLANNING D:1-11
   119 | D:1      | Reached skill level 2 in Axes
   144 | D:1      | 144 ||| Stepping ~*~*~tactically~*~*~ (hiding).
   154 | D:1      | Reached XP level 2. HP: 19/19 MP: 2/2
   639 | D:1      | Reached skill level 3 in Axes
   658 | D:1      | Reached XP level 3. HP: 23/23 MP: 3/3
   937 | D:1      | 937 ||| UPGRADING to +0 helmet.
   942 | D:1      | 942 ||| READING scroll labelled FUDAECYUH.
   943 | D:1      | 943 ||| READING 3 scrolls labelled YLOUXUGORI.
   944 | D:1      | 944 ||| READING 4 scrolls labelled HUCHOE AWIE.
   948 | D:1      | 948 ||| READING 2 scrolls of identify.
   948 | D:1      | 948 ||| IDENTIFYING lumpy black potion
  1054 | D:2      | 1054 ||| Stepping ~*~*~tactically~*~*~ (stealth).
  1209 | D:2      | 1209 ||| DROPPING +0 club.
  1216 | D:2      | 1216 ||| DROPPING +2 vorpal hand axe.
  1583 | D:2      | Reached XP level 4. HP: 28/28 MP: 4/4
  1638 | D:2      | Reached skill level 4 in Axes
  1896 | D:2      | 1896 ||| READING scroll labelled ZILEAN BUEDGH.
  1897 | D:2      | 1897 ||| READING scroll labelled KAC ISAROTAKHO.
  1898 | D:2      | 1898 ||| READING scroll labelled RIUTAO JU BECW.
  1899 | D:2      | 1899 ||| READING scroll labelled ZOSOTS FYENKUS.
  1900 | D:2      | 1900 ||| READING scroll labelled AMOAF PIH GIEJ.
  1901 | D:2      | 1901 ||| DRINKING 2 red potions.
  1902 | D:2      | 1902 ||| DRINKING 2 puce potions.
  1950 | D:3      | Found a faded altar of an unknown god.
  1954 | D:3      | 1954 ||| Stepping ~*~*~tactically~*~*~ (stealth).
  1962 | D:3      | HP: 6/28 [orc priest/divine providence (10)]
  1962 | D:3      | HP: 1/28 [orc/+0 flail (5)]
  1962 | D:3      | Slain by an orc

Levels and vault maps discovered:
D:1:      shiori_shiawase, layout_basic, grunt_decor_mini_mirrors,
          minmay_misc_feat_five, moated_statue, minmay_misc_feat_rows
D:2:      layout_basic, minmay_hedge_maze
D:3:      gammafunk_steamed_eel, layout_basic, nzn_hepliaklqana_mist_gate,
          mainiacjoe_overflow_cross_hatched, shapermc_ecumenical_altar_gd,
          nicolae_shop_vocational, uniq_grinder, uniq_natasha, uniq_robin,
          uniq_ijyb

Skill      XL: |  1  2  3  4 |
---------------+-------------+-----
Axes           | 2 3 4 |  4.1
Fighting       | |  3.2
Armour         | |  3.2
Shields        | |  3.2

Action                   |  1- 3 |  4- 6 || total
-------------------------+-------+-------++-------
Melee: War axe           |    96 |    21 ||   117
Throw: Boomerang         |       |     1 ||     1
  Use: Scroll            |     4 |     5 ||     9
       Potion            |       |     2 ||     2
Armor: Scale mail        |    44 |    11 ||    55
Dodge: Dodged            |    56 |    11 ||    67
Block: Buckler           |    17 |       ||    17

Table legend:
 A = Non-vault XP
 B = Vault XP
 C = Vault XP percentage of total XP
 D = Non-vault monster count
 E = Vault monster count
 F = Vault count percentage of total count
                 A         B        C        D         E       F
            +---------+---------+-------+---------+---------+-------
      Total |     119 |       0 |   0.0 |      44 |       0 |   0.0
            +---------+---------+-------+---------+---------+-------
        D:1 |      37 |       0 |   0.0 |      19 |       0 |   0.0
        D:2 |      78 |       0 |   0.0 |      23 |       0 |   0.0
        D:3 |       4 |       0 |   0.0 |       2 |       0 |   0.0
            +---------+---------+-------+---------+---------+-------
